 Dungeon Crawl Stone Soup version 0.24-a0-423-g6870c0f642 (webtiles) character file.

Game seed: 8275326258909954915

124 Gargoyl the Skirmisher (level 4, -2/38 HPs)
             Began as a Centaur Abyssal Knight on June 13, 2019.
             Was a Believer of Lugonu.
             Slain by an ogre
             ... wielding a +0 giant club
              (20 damage)
             ... on level 3 of the Dungeon.
             The game lasted 00:05:38 (3428 turns).

Gargoyl the Skirmisher (Centaur Abyssal Knight)     Turns: 3428, Time: 00:05:39

Health: -2/38      AC:  9    Str: 15    XL:     4   Next: 81%
Magic:  15/15      EV:  7    Int: 11    God:    Lugonu [**....]
Gold:   188        SH:  0    Dex:  9    Spells: 3/3 levels left

rFire    . . .     SeeInvis .   j - -1 trident (curse)
rCold    . . .     Gourm    .   (no shield)
rNeg     + . .     Faith    .   d - +0 scale mail
rPois    .         Spirit   .   e - +0 helmet
rElec    .         Reflect  .   (no cloak)
rCorr    .         Harm     .   i - +1 pair of gloves
MR       .....                  (no barding)
Stlth    ..........             (no amulet)
HPRegen  0.12/turn              g - ring of positive energy
MPRegen  0.14/turn              m - ring of magical power

@: very quick
A: large, hooves 3, deformed body, speed 2, tough skin 3
a: Depart the Abyss, Bend Space, Renounce Religion


You were on level 3 of the Dungeon.
You worshipped Lugonu.
Lugonu was pleased with you.
You were hungry.

You visited 1 branch of the dungeon, and saw 3 of its levels.
You visited the Abyss 1 time.

You collected 188 gold pieces.

Inventory:

Hand Weapons
 a - a +1 hand axe
 j - a cursed -1 trident (weapon)
Armour
 d - a +0 scale mail (worn)
 e - a +0 helmet (worn)
 i - a +1 pair of gloves (worn)
Jewellery
 g - a ring of positive energy (left hand)
 m - a ring of magical power (right hand)
Scrolls
 n - 2 scrolls of identify
Potions
 b - a potion of flight {unknown}
 f - a potion of agility {unknown}
 k - 2 potions of curing
Comestibles
 c - 4 rations


   Skills:
 + Level 3.5 Fighting
 + Level 2.3 Axes
 + Level 0.4 Throwing
 * Level 2.5 Armour
 * Level 1.3 Dodging
 * Level 2.8 Invocations


You had 3 spell levels left.
You didn't know any spells.
Your spell library was empty.

Dungeon Overview and Level Annotations

Branches:
Dungeon (3/15)

Altars:
Elyvilon


Innate Abilities, Weirdness & Mutations

You have hooves in place of feet.
Armour fits poorly on your strangely shaped body.
You cover ground very quickly.
You have extremely tough skin. (AC +3)


Message History

As you read the scroll of fear, it crumbles to dust.
You assume a fearsome visage.
The ogre looks frightened!
The hobgoblin looks frightened!
Attack whom?
Press: ? - help, Dir - move target cursor, f/p - ogre
Aim: an ogre, wielding a +0 giant club (moderately wounded, fleeing)
You reach to attack!
You hit the ogre but do no damage.
Your attack snaps the ogre out of its fear.
The ogre is moderately wounded.
You barely miss the ogre.
The ogre is moderately wounded.
The ogre hits you but does no damage.
You hit the ogre. You kick the ogre.
The ogre is heavily wounded.
The ogre closely misses you.
You puncture the ogre! You kick the ogre, but do no damage.
The ogre is almost dead.
The ogre hits you with a +0 giant club!!
Ouch! That really hurt!
You die...

######### ##.......# #
#..†.....#
#####.#..#####.#
...........###.#######
....#.#O@............#
.. #......###.#####.#
.....#........# #.#
...###..#####)# #.# ##
#........# #.#
##.###########.## ##'#
#......# ##...##
#.###..# ##.....##
#.###..#


You could see an ogre.

Vanquished Creatures
  6 adders
  An ooze (D:3)
  A worm (D:2)
  A dart slug (D:3)
  4 orcs (D:3)
  5 ball pythons
  4 bats
  10 goblins
  4 hobgoblins
  9 jackals
  2 kobolds
  4 frilled lizards
  8 rats
59 creatures vanquished.

Notes
Turn   | Place    | Note
-------+----------+-------------------------------------------
     0 | Abyss:1  | Gargoyl the Centaur Abyssal Knight began the quest for the
                  | Orb.
     0 | Abyss:1  | Reached XP level 1. HP: 19/19 MP: 2/2
    62 | Abyss:2  | Noticed an iron imp
    76 | Abyss:2  | Noticed a small abomination
   138 | Abyss:2  | Noticed a spatial vortex
   166 | Abyss:2  | Noticed a sixfirhy
   169 | D:1      | Escaped the Abyss
   477 | D:1      | Reached XP level 2. HP: 26/26 MP: 3/3
   755 | D:1      | Reached skill level 1 in Dodging
   847 | D:1      | Reached * piety under Lugonu
   935 | D:2      | Found a white marble altar of Elyvilon.
  1247 | D:2      | Reached XP level 3. HP: 13/31 MP: 4/4
  2296 | D:3      | Reached XP level 4. HP: 33/38 MP: 5/5
  2638 | D:3      | Reached ** piety under Lugonu
  3405 | D:3      | Noticed an ogre
  3428 | D:3      | Slain by an ogre

Levels and vault maps discovered:
D:1:      tarquinn_simple_flora_water_e, layout_loops_cross
D:2:      layout_rooms, lemuel_round_altar, first_ration, grunt_decor_arrowhead,
          kennysheep_pointless_box
D:3:      layout_loops_corners

Skill      XL: |  1  2  3 |
---------------+----------+-----
Dodging        | 1 |  1.3
Axes           | 2 |  2.3
Armour         | 2 |  2.5
Fighting       | |  3.5
Throwing       | |  0.4
Invocations    | |  2.8

Action                   |  1- 3 |  4- 6 || total
-------------------------+-------+-------++-------
Melee: Hand axe          |   109 |     2 ||   111
       Kick              |    14 |    17 ||    31
       Trident           |       |   109 ||   109
Throw: Boomerang         |     8 |     3 ||    11
Invok: Depart the Abyss  |     1 |       ||     1
  Use: Potion            |     1 |       ||     1
       Scroll            |     4 |     1 ||     5
 Stab: Fleeing           |     1 |       ||     1
  Eat: Chunk             |     3 |     3 ||     6
Armor: Scale mail        |    79 |    67 ||   146
       Leather armour    |     3 |       ||     3
Dodge: Dodged            |    43 |    44 ||    87

Table legend:
 A = Non-vault XP
 B = Vault XP
 C = Vault XP percentage of total XP
 D = Non-vault monster count
 E = Vault monster count
 F = Vault count percentage of total count
                 A         B        C        D         E       F
            +---------+---------+-------+---------+---------+-------
      Total |     178 |       0 |   0.0 |      59 |       0 |   0.0
            +---------+---------+-------+---------+---------+-------
        D:1 |      47 |       0 |   0.0 |      22 |       0 |   0.0
        D:2 |      44 |       0 |   0.0 |      13 |       0 |   0.0
        D:3 |      87 |       0 |   0.0 |      24 |       0 |   0.0
            +---------+---------+-------+---------+---------+-------
